 Dungeon Crawl Stone Soup version 0.28-a0-1080-g05a166d0ed (console) character file.

Game seed: 6357498172154886451

121 jejorda2 the Poker (level 5, 0/42 HPs)
             Began as a Merfolk Monk on Dec 9, 2021.
             Slain by a gnoll (1 damage)
             ... on level 4 of the Dungeon.
             The game lasted 00:04:18 (3000 turns).

jejorda2 the Poker (Merfolk Monk)                   Turns: 3000, Time: 00:04:18

Health: 0/42       AC:  8    Str: 13    XL:     5   Next: 5%
Magic:  0/5        EV: 10    Int:  9    God:
Gold:   49         SH:  0    Dex: 17    Spells: 4/4 levels left

rFire   . . .      SeeInvis .   a - +0 spear
rCold   . . .      Faith    .   (no shield)
rNeg    . . .      Spirit   +   l - +0 scale mail
rPois   .          Reflect  .   k - +2 hat
rElec   .          Harm     .   (no cloak)
rCorr   .          Rampage  .   (no gloves)
Will    .....                   (no boots)
Stlth   +.........              f - amulet of guardian spirit
HPRegen 0.14/turn               (no ring)
MPRegen 0.09/turn               (no ring)

@: hasted, very quick
A: (nimble swimmer 2), mertail
a: no special abilities


You were on level 4 of the Dungeon.
You visited 1 branch of the dungeon, and saw 4 of its levels.

You collected 49 gold pieces.

Inventory:

Hand Weapons
 a - a +0 spear (weapon)
Missiles
 d - 15 poisoned darts (quivered)
 i - 72 stones
Armour
 k - a +2 hat (worn)
 l - a +0 scale mail (worn)
Jewellery
 f - an amulet of guardian spirit (around neck)
 m - a ring of ice
Scrolls
 b - a scroll of identify
 g - 2 scrolls of teleportation
Potions
 c - a potion of haste
 e - 4 potions of curing
 n - 2 potions of lignification {unknown}


   Skills:
 + Level 4.1 Fighting
 * Level 6.5 Polearms
 + Level 1.4 Armour
 - Level 4.0 Dodging
 - Level 2.1 Stealth


You had 4 spell levels left.
You didn't know any spells.
Your spell library contained the following spells:

 Spells                   Type           Power      Damage    Failure   Level
 Slow                     Hex            0%         N/A       88%         1
 Confusing Touch          Hex            0%         N/A       99%         3
 Yara's Violent Unravell  Hex/Tmut       0%         3d3       100%        5


Dungeon Overview and Level Annotations

Branches:
Dungeon (4/15)
 Temple: D:4-7

Altars:


Innate Abilities, Weirdness & Mutations

((You are quick and stealthy near water. (Stealth+, EV+, Speed+++)))
Your lower body shifts to a powerful aquatic tail in water.


Message History

The gnoll barely misses you. The gnoll closely misses you.
The gnoll hits you but does no damage.
You hit the gnoll but do no damage.
The gnoll is severely wounded.
The gnoll hits you but does no damage.
You closely miss the gnoll.
The gnoll is severely wounded.
The gnoll barely misses you. x2
You hit the gnoll.
The gnoll is severely wounded.
The gnoll closely misses you. x2; The gnoll hits you but does no damage.
You barely miss the gnoll.
The gnoll is severely wounded.
The gnoll hits you with a +0 whip. The gnoll barely misses you.
The gnoll hits you with a +0 club.
You barely miss the gnoll.
The gnoll is severely wounded.
The gnoll hits you with a +0 whip.
* * * LOW HITPOINT WARNING * * *
You hit the gnoll but do no damage.
The gnoll is severely wounded.
The gnoll hits you from afar with a +0 halberd.
* * * LOW HITPOINT WARNING * * *
The gnoll hits you but does no damage.
You hit the gnoll.
The gnoll is almost dead.
The gnoll hits you but does no damage.
The gnoll hits you from afar with a +0 halberd.
* * * LOW HITPOINT WARNING * * *
The gnoll hits you but does no damage.
It was a potion of haste.
You feel yourself speed up. The gnoll hits you with a +0 whip.
* * * LOW HITPOINT WARNING * * *
The gnoll barely misses you. The gnoll hits you with a +0 club.
* * * LOW HITPOINT WARNING * * *
Unknown command.
You hit the gnoll but do no damage.
The gnoll is almost dead.
The gnoll hits you with a +0 whip.
You die...

#.#.. #.#.##
...###....#####
...............
#.g$# ##g## #g#
#=#####g#
#....g@#
#.#######


You could see 4 gnolls and a hobgoblin.

Vanquished Creatures
  Jessica (D:3)
  3 adders
  A dart slug (D:1)
  5 orcs (D:3)
  5 bats
  7 endoplasms
  3 giant cockroaches
  3 goblins
  4 hobgoblins
  2 jackals (D:1)
  4 quokkas
  5 ball pythons
  4 frilled lizards
  8 kobolds
  5 rats
60 creatures vanquished.

Notes
Turn   | Place    | Note
-------+----------+-------------------------------------------
     0 | D:1      | jejorda2 the Merfolk Monk began the quest for the Orb.
     0 | D:1      | Reached XP level 1. HP: 18/18 MP: 1/1
   161 | D:1      | Reached XP level 2. HP: 24/24 MP: 2/2
   184 | D:1      | Reached skill level 5 in Polearms
   538 | D:1      | Reached XP level 3. HP: 28/29 MP: 3/3
   574 | D:1      | Found a faded altar of an unknown god.
  1373 | D:2      | Reached skill level 1 in Armour
  1504 | D:2      | Reached XP level 4. HP: 37/37 MP: 4/4
  1639 | D:2      | Reached skill level 6 in Polearms
  1948 | D:3      | Noticed Jessica
  1967 | D:3      | Killed Jessica
  2254 | D:3      | Reached XP level 5. HP: 20/42 MP: 5/5
  2999 | D:4      | HP: 1/42 [gnoll (3)]
  3000 | D:4      | Slain by a gnoll

Illustrated notes

Levels and vault maps discovered:
D:1:      minmay_arrival_solitary_statue, layout_loops_cross,
          basic_ecumenical_altar
D:2:      layout_basic, serial_bayou_pond_a, amcnicky_mini_corridor_feature
D:3:      layout_loops_ring, serial_bayou_lagoon_b, uniq_jessica
D:4:      layout_loops_ring, mainiacjoe_overflow_tiny_flanked,
          gup_ossuary_entry_pyramid, amcnicky_mini_pool_small, hex_medium,
          uniq_pikel

Skill      XL: |  1  2  3  4 |
---------------+-------------+-----
Polearms       | 5 6 |  6.5
Armour         | 1 |  1.4
Fighting       | 4 |  4.1
Dodging        | |  4.0
Stealth        | |  2.1

Action                   |  1- 3 |  4- 6 || total
-------------------------+-------+-------++-------
Melee: Spear             |   149 |    99 ||   248
Throw: Dart              |     4 |     1 ||     5
  Use: Scroll            |       |     4 ||     4
       Potion            |       |     2 ||     2
 Stab: Sleeping          |     8 |     2 ||    10
Armor: Robe              |     4 |       ||     4
       Leather armour    |    19 |     4 ||    23
       Scale mail        |       |    28 ||    28
Dodge: Dodged            |    66 |    54 ||   120

Table legend: (Time is in decaauts)
 A = Elapsed time spent in this place.
 B = Non-inter-level travel time spent in this place.
 C = Inter-level travel time spent in this place.
 D = Time resting spent in this place.
 E = Time spent auto-exploring this place.
 F = Levels seen in this place.
 G = Mean time per level.
                   A        B        C        D        E       F      G
               +--------+--------+--------+--------+--------+-----+--------+
         Total |   2926 |   2826 |    100 |      0 |   2358 |   4 |  731.5 |
       Dungeon |   2926 |   2826 |    100 |      0 |   2358 |   4 |  731.5 |
               +--------+--------+--------+--------+--------+-----+--------+

Top non-repeatable levels by time:
     D:3: 998 daAuts
     D:2: 996 daAuts
     D:1: 906 daAuts
     D:4: 25 daAuts
